Map: [ESL] Goldenaura

Players

cyan - Winner!

  • Race: Protoss Protoss
  • League: Grandmaster
  • Spawn Location: 5:00

cyan - Winner!

  • Race: Protoss Protoss
  • League: Grandmaster
  • Spawn Location: 5:00

lIlIllllllll (TY)

  • Race: Terran Terran
  • League: Master
  • Spawn Location: 12:00

Event: IEM Katowice 2024

VOD

Have the link to the VOD?

Description

Time

  • Played on: Dec. 5, 2023, 4:45 a.m.
  • Length: 8:53

All games in this series

Show
View Real Time Build Order
Export as new Build Order

cyan Protoss - Winner!

Build Orders: 1 Gate Expand, Chargelot Immortal 

Get SALT Encoding   

  12  0:00  Probe  
  13  0:12  Probe  
  14  0:18  Pylon  
  14  0:24  Probe (Chrono Boost)  
  15  0:36  Probe (Chrono Boost)  
  15  0:38  Gateway  
  16  0:44  Probe (Chrono Boost)  
  16  0:48  Assimilator  
  17  0:51  Probe  
  18  1:03  Probe  
  19  1:15  Probe  
  20  1:25  Cybernetics Core  
  22  1:35  Nexus  
  22  1:37  Probe  
  21  1:45  Pylon  
  21  1:49  Probe  
  22  1:57  Assimilator  
  22  2:00  Adept (Chrono Boost)  
  21  2:01  Probe  
  21  2:03  Warp Gate (Chrono Boost)  
  24  2:14  Probe  
  25  2:23  Sentry  
  25  2:26  Probe  
  28  2:33  Gateway  
  28  2:35  Shield Battery  
  28  2:38  Probe  
  29  2:48  Robotics Facility, Probe (Chrono Boost)  
  30  2:57  Probe (Chrono Boost)  
  32  2:59  Probe (Chrono Boost)  
  32  3:03  Stalker  
  32  3:04  Probe (Chrono Boost)  
  35  3:07  Probe (Chrono Boost)  
  36  3:16  Pylon  
  36  3:19  Probe (Chrono Boost)  
  38  3:20  Probe (Chrono Boost)  
  38  3:23  Stalker  
  40  3:28  Probe (Chrono Boost)  
  40  3:30  Probe (Chrono Boost)  
  42  3:36  Observer (Chrono Boost)  
  42  3:37  Probe  
  42  3:40  Probe  
  45  3:45  Stalker  
  47  3:49  Probe  
  47  3:50  Pylon  
  47  3:52  Probe  
  47  3:54  Immortal (Chrono Boost)  
  49  4:01  Probe  
  49  4:02  Pylon  
  54  4:08  Stalker, Probe  
  57  4:13  Probe  
  58  4:18  Pylon  
  58  4:23  Immortal (Chrono Boost), Probe  
  59  4:29  Probe, Twilight Council  
  64  4:35  Stalker  
  66  4:40  Probe  
  66  4:41  Assimilator  
  67  4:46  Pylon  
  67  4:47  Stalker  
  69  4:54  Pylon  
  69  4:59  Stalker  
  69  5:00  Warp Prism  
  71  5:08  Probe x2  
  71  5:17  Nexus  
  71  5:20  Probe (Chrono Boost)  
  68  5:25  Probe (Chrono Boost)  
  68  5:28  Charge  
  68  5:31  Probe (Chrono Boost)  
  68  5:35  Probe (Chrono Boost)  
  70  5:36  Probe (Chrono Boost)  
  70  5:39  Pylon  
  70  5:41  Observer  
  72  5:44  Gateway  
  72  5:46  Gateway  
  72  5:48  Probe x2  
  72  5:49  Sentry  
  76  5:59  Gateway  
  76  6:00  Probe  
  76  6:02  Gateway  
  76  6:03  Observer  
  78  6:20  Probe  
  78  6:21  Zealot, Sentry  
  78  6:22  Gateway  
  78  6:23  Shield Battery  
  83  6:25  Gateway  
  83  6:26  Probe  
  83  6:27  Immortal  
  84  6:40  Stalker  
  84  6:42  Stalker  
  84  6:46  Probe  
  88  6:49  Stalker  
  88  6:51  Probe  
  90  7:01  Probe  
  90  7:04  Zealot, Sentry  
  90  7:05  Probe  
  95  7:09  Pylon, Gateway  
  95  7:13  Pylon  
  95  7:16  Zealot x3  
  95  7:18  Probe  
  95  7:19  Probe  
  103  7:49  Zealot x6  
  103  7:50  Zealot x2  
  119  7:53  Probe  
  117  7:58  Probe  
  103  8:17  Zealot x3, Observer  
  103  8:18  Zealot x5  
  111  8:21  Immortal (Chrono Boost)  
  109  8:27  Zealot  
  109  8:32  Nexus  
  109  8:33  Pylon  
  88  8:43  Forge  
  88  8:45  Forge  
  88  8:47  Templar Archives  
Show
View Real Time Build Order
Export as new Build Order

cyan Protoss - Winner!

Build Orders: 1 Gate Expand, Chargelot Immortal 

Get SALT Encoding   

  12  0:00  Probe  
  13  0:12  Probe  
  14  0:18  Pylon  
  14  0:24  Probe (Chrono Boost)  
  15  0:36  Probe (Chrono Boost)  
  15  0:38  Gateway  
  16  0:44  Probe (Chrono Boost)  
  16  0:48  Assimilator  
  17  0:51  Probe  
  18  1:03  Probe  
  19  1:15  Probe  
  20  1:25  Cybernetics Core  
  22  1:35  Nexus  
  22  1:37  Probe  
  21  1:45  Pylon  
  21  1:49  Probe  
  22  1:57  Assimilator  
  22  2:00  Adept (Chrono Boost)  
  21  2:01  Probe  
  21  2:03  Warp Gate (Chrono Boost)  
  24  2:14  Probe  
  25  2:23  Sentry  
  25  2:26  Probe  
  28  2:33  Gateway  
  28  2:35  Shield Battery  
  28  2:38  Probe  
  29  2:48  Robotics Facility, Probe (Chrono Boost)  
  30  2:57  Probe (Chrono Boost)  
  32  2:59  Probe (Chrono Boost)  
  32  3:03  Stalker  
  32  3:04  Probe (Chrono Boost)  
  35  3:07  Probe (Chrono Boost)  
  36  3:16  Pylon  
  36  3:19  Probe (Chrono Boost)  
  38  3:20  Probe (Chrono Boost)  
  38  3:23  Stalker  
  40  3:28  Probe (Chrono Boost)  
  40  3:30  Probe (Chrono Boost)  
  42  3:36  Observer (Chrono Boost)  
  42  3:37  Probe  
  42  3:40  Probe  
  45  3:45  Stalker  
  47  3:49  Probe  
  47  3:50  Pylon  
  47  3:52  Probe  
  47  3:54  Immortal (Chrono Boost)  
  49  4:01  Probe  
  49  4:02  Pylon  
  54  4:08  Stalker, Probe  
  57  4:13  Probe  
  58  4:18  Pylon  
  58  4:23  Immortal (Chrono Boost), Probe  
  59  4:29  Twilight Council, Probe  
  64  4:35  Stalker  
  66  4:40  Probe  
  66  4:41  Assimilator  
  67  4:46  Pylon  
  67  4:47  Stalker  
  69  4:54  Pylon  
  69  4:59  Stalker  
  69  5:00  Warp Prism  
  71  5:08  Probe x2  
  71  5:17  Nexus  
  71  5:20  Probe (Chrono Boost)  
  68  5:25  Probe (Chrono Boost)  
  68  5:28  Charge  
  68  5:31  Probe (Chrono Boost)  
  68  5:35  Probe (Chrono Boost)  
  70  5:36  Probe (Chrono Boost)  
  70  5:39  Pylon  
  70  5:41  Observer  
  72  5:44  Gateway  
  72  5:46  Gateway  
  72  5:48  Probe x2  
  72  5:49  Sentry  
  76  5:59  Gateway  
  76  6:00  Probe  
  76  6:02  Gateway  
  76  6:03  Observer  
  78  6:20  Probe  
  78  6:21  Sentry, Zealot  
  78  6:22  Gateway  
  78  6:23  Shield Battery  
  83  6:25  Gateway  
  83  6:26  Probe  
  83  6:27  Immortal  
  84  6:40  Stalker  
  84  6:42  Stalker  
  84  6:46  Probe  
  88  6:49  Stalker  
  88  6:51  Probe  
  90  7:01  Probe  
  90  7:04  Sentry, Zealot  
  90  7:05  Probe  
  95  7:09  Gateway, Pylon  
  95  7:13  Pylon  
  95  7:16  Zealot x3  
  95  7:18  Probe  
  95  7:19  Probe  
  103  7:49  Zealot x6  
  103  7:50  Zealot x2  
  119  7:53  Probe  
  117  7:58  Probe  
  103  8:17  Observer, Zealot x3  
  103  8:18  Zealot x5  
  111  8:21  Immortal (Chrono Boost)  
  109  8:27  Zealot  
  109  8:32  Nexus  
  109  8:33  Pylon  
  88  8:43  Forge  
  88  8:45  Forge  
  88  8:47  Templar Archives  
Show
View Real Time Build Order
Export as new Build Order

lIlIllllllll Terran 

Build Orders: Liberator Opening 

Get SALT Encoding   

  12  0:00  SCV  
  13  0:12  SCV  
  14  0:17  Supply Depot  
  14  0:24  SCV  
  15  0:38  SCV  
  15  0:40  Barracks  
  16  0:43  Refinery  
  16  0:50  SCV  
  17  1:03  SCV  
  18  1:15  SCV  
  19  1:27  Orbital Command, Marine  
  20  1:41  Command Center  
  20  1:46  Barracks Reactor  
  21  1:54  SCV  
  21  2:03  Supply Depot  
  21  2:06  SCV  
  22  2:10  Factory  
  22  2:18  SCV  
  23  2:24  Marine x2  
  23  2:29  Refinery  
  25  2:30  SCV  
  26  2:42  SCV, Marine x2  
  29  2:53  Orbital Command  
  29  2:54  SCV  
  29  2:57  Starport  
  29  2:59  Factory Tech Lab  
  29  3:02  Marine x2  
  31  3:06  SCV  
  32  3:19  Cyclone, SCV x2  
  36  3:21  Marine x2  
  38  3:30  Supply Depot  
  38  3:31  SCV  
  39  3:34  Liberator  
  39  3:37  SCV  
  39  3:39  Marine x2  
  45  3:43  SCV  
  46  3:52  Siege Tank, SCV  
  51  3:55  SCV  
  51  3:57  Supply Depot  
  51  3:58  Marine x2  
  53  4:04  SCV  
  54  4:16  Barracks  
  54  4:17  Barracks  
  54  4:18  Liberator  
  54  4:19  Marine x2, SCV  
  54  4:22  SCV  
  61  4:25  Supply Depot  
  61  4:31  SCV  
  62  4:38  Supply Depot  
  62  4:39  Supply Depot  
  62  4:46  Siege Tank, SCV, Marine x2  
  62  4:50  SCV  
  69  4:54  Engineering Bay  
  69  4:58  SCV  
  70  5:02  Starport Tech Lab, SCV  
  70  5:10  Marine x2  
  70  5:11  SCV  
  76  5:14  SCV  
  76  5:15  Refinery  
  69  5:23  SCV  
  69  5:26  SCV  
  69  5:28  Terran Infantry Weapons Level 1  
  69  5:29  Marine, Supply Depot  
  69  5:30  Supply Depot, Marine  
  69  5:31  Stimpack, Marauder x2  
  76  5:36  Starport Reactor  
  76  5:41  Refinery  
  77  5:47  SCV x2  
  77  5:49  Factory Reactor  
  77  5:50  Marine x2  
  77  5:53  Marauder x2  
  83  6:02  Supply Depot  
  83  6:03  Command Center  
  85  6:07  SCV  
  85  6:08  Marine x2, SCV  
  83  6:13  Medivac  
  86  6:21  Medivac  
  86  6:25  Command Center  
  85  6:27  Marauder x2  
  85  6:29  Marine  
  85  6:30  Marine  
  89  6:40  SCV x2  
  90  6:50  Marine x2  
  90  6:52  Marauder x2  
  93  6:56  SCV x2  
  93  6:58  Barracks  
  93  7:00  Barracks  
  90  7:02  Medivac x2  
  90  7:07  Supply Depot  
  90  7:08  Marine x2  
  96  7:13  SCV x2  
  98  7:17  Command Center  
  98  7:23  Marine x2  
  98  7:25  SCV x2  
  102  7:30  Marine x2  
  102  7:36  Medivac  
  107  7:41  Marine x2  
  109  7:48  Marine  
  108  7:52  Viking, Marine x2  
  108  7:53  Marine  
  107  7:59  Marauder  
  107  8:00  Marauder  
  103  8:06  Marine  
  103  8:10  Marine x2  
  90  8:21  Marauder  
  90  8:22  SCV, Medivac  
  90  8:23  Marine x2  
  70  8:27  Marine x2  
  51  8:34  SCV  

Tags
 
Add a new tag
Caveats
  • Supply blocks, unpowered buildings, or Contaminate may cause inaccurate times.
  • Supply counts are checked every 10 seconds.